 Dungeon Crawl Stone Soup version 0.20.0-15-g7f486f2 (webtiles) character file.

74 renl the Charmwright (level 4, -4/37 HPs)
             Began as a Draconian Skald on June 22, 2017.
             Slain by Robin
             ... wielding a +0 mace
              (5 damage)
             ... on level 2 of the Dungeon.
             The game lasted 00:06:10 (857 turns).

renl the Charmwright (Draconian Skald)               Turns: 857, Time: 00:06:10

Health: -4/37      AC:  5    Str: 14    XL:     4   Next: 10%
Magic:  0/7        EV: 12    Int: 14    God:
Gold:   68         SH:  0    Dex: 10    Spells: 1/7 levels left

rFire    . . .     SeeInvis .   a - +0 mace
rCold    + . .     Gourm    .   (no shield)
rNeg     . . .     Faith    .   (armour unavailable)
rPois    .         Spirit   .   (helmet restricted)
rElec    .         Reflect  .   (no cloak)
rCorr    .         Harm     .   (no gloves)
MR       .....                  (no boots)
Stlth    +.........             (no amulet)
Regen    0.2/turn               f - ring of wizardry
MPRegen  0.1/turn               g - ring of protection from cold

@: shrouded
A: unfitting armour, cold-blooded, AC +5
a: no special abilities


You were on level 2 of the Dungeon.
You were hungry.

You visited 1 branch of the dungeon, and saw 2 of its levels.

You collected 68 gold pieces.

Inventory:

Hand Weapons
 a - a +0 mace (weapon)
Jewellery
 f - a ring of wizardry (left hand)
 g - a ring of protection from cold (right hand)
Scrolls
 h - a scroll of enchant weapon {unknown}
 i - a scroll of enchant armour {unknown}
 j - a scroll of teleportation {unknown}
 l - a scroll of identify {unknown}
 m - a scroll of immolation {unknown}
 n - a scroll of magic mapping {unknown}
Potions
 d - a potion of lignification {unknown}
 e - a potion of curing {unknown}
 o - a potion of flight {unknown}
 p - a potion of heal wounds {unknown}
Books
 b - a book of Battle

   Spells                             Type                      Level
   a - Infusion                       Charms                       1
   b - Shroud of Golubria             Charms/Translocation         2
   c - Song of Slaying                Charms                       2
   d - Spectral Weapon                Hexes/Charms                 3
   e - Regeneration                   Charms/Necromancy            3
Comestibles
 c - a bread ration
 k - a meat ration


   Skills:
 + Level 2.5 Fighting
 * Level 3.2 Maces & Flails
 + Level 2.3 Dodging
 + Level 0.4 Stealth
 + Level 2.2 Spellcasting
 + Level 3.2 Charms
 + Level 0.2 Translocations


You had one spell level left.
You knew the following spells:

 Your Spells              Type           Power        Failure   Level  Hunger
a - Infusion              Chrm           ##..         2%          1    #......
b - Shroud of Golubria    Chrm/Tloc      #.........   7%          2    ###....
c - Regeneration          Chrm/Necr      #.........   14%         3    ###....


Dungeon Overview and Level Annotations

Branches:
Dungeon (2/15)

Altars:
Ru

Annotations:
D:2 Robin


Innate Abilities, Weirdness & Mutations

Your plain brown scales are hard. (AC +5)
You cannot fit into any form of body armour.
You are cold-blooded and may be slowed by cold attacks.


Message History

The hobgoblin hits you but does no damage.
The hobgoblin hits you.
* * * LOW HITPOINT WARNING * * *
You hit the hobgoblin. You tail-slap the hobgoblin.
You kill the hobgoblin!
The hobgoblin hits you.
* * * LOW HITPOINT WARNING * * *
You sock the hobgoblin!
You kill the hobgoblin!
You hit the hobgoblin.
You kill the hobgoblin!
Robin hits you with a mace.
* * * LOW HITPOINT WARNING * * *
Casting: Regeneration
Confirm with . or Enter, or press ? or * to list all spells.
Space distorts slightly along a thin shroud covering your body.
Your skin stops crawling.
Your shroud bends Robin's attack away.
Robin hits you with a mace.
You die...

#......# #####..≈.≈.# ######
#.....≈.≈.≈# ##.....
#...g.#...## ##......
#.....#.≈.# #.......
#....g#...# #.......
#.....#.≈.# #.......
#.....#...# #.......
#.....#.≈@# #.......
###.....#.g.# ##......
........#≈_≈#### ##.....
........#≈≈≈#..# #####.
....%...######.############.
....####..gggg.)...†))gg..).
.... #####g..#######......
### #.....######.g.#.
####...........#.


You could see Robin.

Vanquished Creatures
  An adder (D:2)
  An ooze (D:1)
  A worm (D:2)
  3 dart slugs (D:1)
  3 leopard geckos
  4 bats
  A giant cockroach (D:1)
  14 goblins
  6 hobgoblins
  2 quokkas (D:2)
  4 frilled lizards
  A kobold (D:1)
  5 rats (D:1)
46 creatures vanquished.

Notes
Turn   | Place    | Note
-------+----------+-------------------------------------------
     0 | D:1      | renl the Draconian Skald began the quest for the Orb.
     0 | D:1      | Reached XP level 1. HP: 17/17 MP: 3/3
    85 | D:1      | Reached XP level 2. HP: 13/25 MP: 1/5
    89 | D:1      | Learned a level 2 spell: Shroud of Golubria
   336 | D:1      | Reached XP level 3. HP: 30/30 MP: 6/6
   341 | D:1      | Learned a level 3 spell: Regeneration
   761 | D:2      | Noticed Robin
   841 | D:2      | Found a sacrificial altar of Ru.
   848 | D:2      | Reached XP level 4. HP: 6/37 MP: 4/7
   855 | D:2      | HP: 1/37 [Robin/mace (5)]
   857 | D:2      | Slain by Robin

Skill      XL: |  1  2  3 |
---------------+----------+-----
Charms         | 3 |  3.2
Maces & Flails | 3 |  3.2
Fighting       | |  2.5
Dodging        | |  2.3
Stealth        | |  0.4
Spellcasting   | |  2.2
Translocations | |  0.2

Action                   |  1- 3 |  4- 6 || total
-------------------------+-------+-------++-------
Melee: Mace              |   115 |     6 ||   121
       Tailslap          |     7 |     1 ||     8
 Cast: Infusion          |     6 |       ||     6
       Shroud of Golubri |     2 |     1 ||     3
       Regeneration      |       |     1 ||     1
 Stab: Sleeping          |     1 |       ||     1
Armor: Skin              |    50 |     1 ||    51
Dodge: Dodged            |   105 |     1 ||   106
